 Dungeon Crawl Stone Soup version 0.30-a0-57-g8b159a9891 (webtiles) character file.

Game seed: 15423374414525142993

2849 Dreamer the Basher (level 10, -2/79 HPs)
             Began as a Formicid Berserker on Sept 12, 2022.
             Was an Elder of Trog.
             Slain by Joseph
             ... wielding a +0 quarterstaff
              (16 damage)
             ... on level 6 of the Dungeon.
             The game lasted 00:31:59 (8351 turns).

Dreamer the Basher (Formicid Berserker)             Turns: 8351, Time: 00:31:59

Health: -2/79      AC: 20    Str: 27    XL:     10   Next: 4%
Magic:  10/10      EV: 10    Int:  6    God:    Trog [****..]
Gold:   318        SH:  3    Dex: 13    Spells: 9/9 levels left

rFire   + + +      SeeInvis +    e - +5 flail (protect)
rCold   x . .      Faith    .    t - +0 buckler
rNeg    . . .      Spirit   .    w - +2 chain mail {rF+}
rPois   .          Reflect  .    (helmet unavailable)
rElec   .          Harm     .    f - +0 cloak
rCorr   .          Rampage  .    (no gloves)
Will    +....                    (no boots)
Stlth   ..........               (no amulet)
HPRegen 0.23/turn                d - ring of fire
MPRegen 0.12/turn                p - ring of protection from fire

@: under a protective aura
A: permanent stasis, dig shafts and tunnels, antennae 3, four strong arms
a: Dig, Shaft Self, Renounce Religion, Trog's Hand, Brothers in Arms


You were on level 6 of the Dungeon.
You worshipped Trog.
Trog was greatly pleased with you.
You visited 2 branches of the dungeon, and saw 8 of its levels.

You collected 338 gold pieces.
You spent 20 gold pieces at shops.

Inventory:

Hand Weapons
 e - a +5 flail of protection (weapon)
 k - a +0 dagger of venom
Armour
 f - a +0 cloak (worn)
 t - a +0 buckler (worn)
 w - a +2 chain mail of fire resistance (worn)
Jewellery
 d - a ring of fire (left hand)
 p - a ring of protection from fire (right hand)
Wands
 r - a wand of mindburst (27)
Scrolls
 a - 4 scrolls of fear {unknown}
 n - 3 scrolls of noise
 q - a scroll of torment {unknown}
 v - a scroll of vulnerability {unknown}
 x - a scroll of identify
 y - a scroll of brand weapon {unknown}
 z - a scroll of magic mapping {unknown}
Potions
 b - 4 potions of curing
 c - a potion of might
 g - a potion of magic
 h - 3 potions of invisibility
 i - 2 potions of ambrosia {unknown}
 j - 4 potions of heal wounds
 l - 2 potions of mutation {unknown}
 m - a potion of attraction {unknown}
 o - a potion of berserk rage {unknown}
 s - a potion of flight {unknown}
 u - a potion of cancellation {unknown}


   Skills:
 + Level 7.2 Fighting
 * Level 8.9 Maces & Flails
 + Level 6.8 Armour
 + Level 5.5 Dodging


You had 9 spell levels left.
You didn't know any spells.
Your spell library was empty.

Dungeon Overview and Level Annotations

Branches:
Dungeon (7/15)             Temple (1/1) D:5

Altars:
Dithmenos
Fedhas
Gozag
Hepliaklqana
Kikubaaqudgha
Makhleb
Nemelex Xobeh
Ru
Sif Muna
Trog
Vehumet
Yredelemnul
The Shining One

Shops:
D:5 ([((?   D:6 (

Annotations:
D:5 3 runed translucent doors, niknal's ghost, novice TrWr
D:6 Joseph
Temple 4 transporters


Innate Abilities, Weirdness & Mutations

You cannot be hasted, slowed, berserked, paralysed or teleported.
You can dig through walls and to a lower floor.
You have a pair of large antennae on your head. (SInv)
Your four strong arms can wield two-handed weapons with a shield.


Message History

Joseph is moderately wounded.
You feel sick. Joseph hits you but does no damage.
You barely miss Joseph.
Joseph is moderately wounded.
You feel sick. Joseph closely misses you.
You thump Joseph!
Joseph is heavily wounded.
You feel sick. Joseph barely misses you.
You hit Joseph.
Joseph is severely wounded.
You feel sick. Joseph hits you but does no damage.
You closely miss Joseph.
Joseph is severely wounded.
You feel sick.
You are no longer poisoned.
Joseph hits you but does no damage.
You hit Joseph.
Joseph is severely wounded.
Joseph hits you but does no damage.
You hit Joseph.
Joseph is severely wounded.
Joseph hits you but does no damage.
You barely miss Joseph.
Joseph is severely wounded.
Joseph hits you with a +0 quarterstaff.
You barely miss Joseph.
Joseph is severely wounded.
Joseph barely misses you.
You sock Joseph!
Joseph is almost dead.
Joseph says, "I'm happy to see you. And I'll be happy to kill you."
Joseph hits you with a +0 quarterstaff.
You hit Joseph.
Joseph is almost dead.
Joseph hits you with a +0 quarterstaff!
* * * LOW HITPOINT WARNING * * *
You hit Joseph.
Joseph is almost dead.
Joseph hits you with a +0 quarterstaff!
You die...

#...# #...
###...########'#
#...............
###.#...########.#
#...#...# #.#
#.###...########.#
#>[.'...'........)
#@###...########..
#@# #...# #.. #.#
#...# #..
#.##############..
#.................
#################.
#......[#.......'.
#.#.###.#.#####.#.
#.#.....#.#.......
#.#.#####.#....###


You could see Joseph.

Vanquished Creatures
  Grinder (D:4)
  Eustachio (D:4)
  Edmund (D:4)
  3 water moccasins
  Duvessa (D:6)
  A black bear (D:6)
  An orc warrior (D:6)
  A sky beast (D:6)
  3 ogres
  A centaur (D:5)
  A kobold brigand (D:6)
  2 bullfrogs (D:6)
  3 scorpions
  A gnoll sergeant (D:7)
  2 necrophages (D:6)
  Dowan (D:6)
  2 jellies (D:6)
  7 orc priests
  4 hounds
  2 iguanas
  4 orc wizards
  3 gnolls (D:7)
  3 adders
  A shadow imp (D:6)
  2 white imps (D:5)
  2 worms
  4 dart slugs
  32 orcs
  6 ball pythons
  7 endoplasms
  4 giant cockroaches
  6 goblins
  5 hobgoblins
  4 jackals (D:4)
  4 quokkas
  4 bats
  3 frilled lizards
  17 kobolds
  3 rats
153 creatures vanquished.

Notes
Turn   | Place    | Note
-------+----------+-------------------------------------------
     0 | D:1      | Dreamer the Formicid Berserker began the quest for the Orb.
     0 | D:1      | Reached XP level 1. HP: 18/18 MP: 1/1
    80 | D:1      | Reached XP level 2. HP: 19/24 MP: 2/2
   429 | D:1      | Reached XP level 3. HP: 29/29 MP: 3/3
  1734 | D:3      | Reached ** piety under Trog
  1755 | D:3      | Reached XP level 4. HP: 27/37 MP: 4/4
  2081 | D:3      | Noticed an ogre
  2084 | D:3      | HP: 1/37 [ogre/+0 giant spiked club (16)]
  2625 | D:4      | Reached skill level 4 in Maces & Flails
  2625 | D:4      | Reached XP level 5. HP: 29/42 MP: 5/5
  2927 | D:4      | Reached XP level 6. HP: 39/48 MP: 6/6
  3136 | D:4      | Noticed an ogre
  3143 | D:5      | Entered Level 5 of the Dungeon
  3197 | D:5      | Found Seoss's Magic Scroll Shop.
  3203 | D:5      | Found Bita's Weapon Emporium.
  3208 | D:5      | Bought a scroll of identify for 20 gold pieces
  3274 | D:4      | Killed an ogre
  3519 | D:4      | Reached skill level 5 in Maces & Flails
  3541 | D:4      | Noticed Eustachio
  3558 | D:4      | Killed Eustachio
  3559 | D:4      | Reached XP level 7. HP: 45/55 MP: 7/7
  3632 | D:4      | Noticed Grinder
  3663 | D:4      | Killed Grinder
  3664 | D:4      | Reached skill level 5 in Fighting
  3892 | D:4      | Noticed Edmund
  3936 | D:4      | Killed Edmund
  3937 | D:4      | Reached skill level 6 in Maces & Flails
  3937 | D:4      | Reached XP level 8. HP: 23/62 MP: 8/8
  4610 | D:3      | Found a bloodstained altar of Trog.
  4726 | D:3      | Reached skill level 5 in Armour
  5528 | D:5      | Reached *** piety under Trog
  5573 | D:5      | Found Ankugrusm's Weapon Boutique.
  5600 | D:5      | Found a runed translucent gate.
  5600 | D:5      | Found a runed translucent gate.
  5600 | D:5      | Found a runed translucent gate.
  5652 | D:5      | Noticed niknal's ghost (novice TrWr)
  5660 | D:5      | Found Siletaij's Antique Weapon Emporium.
  5766 | D:5      | Found Pucufir's Armour Boutique.
  5831 | D:5      | Found a staircase to the Ecumenical Temple.
  5842 | Temple   | Entered the Ecumenical Temple
  5842 | Temple   | Found a transporter.
  5842 | Temple   | Found a transporter.
  5844 | Temple   | Found a transporter.
  5844 | Temple   | Found a transporter.
  6124 | D:5      | Reached skill level 7 in Maces & Flails
  6384 | D:6      | Found Linim's Weapon Emporium.
  6492 | D:6      | Noticed Duvessa
  6494 | D:6      | Noticed Dowan
  6496 | D:6      | Killed Duvessa
  6497 | D:6      | Reached XP level 9. HP: 68/69 MP: 9/9
  6503 | D:6      | Killed Dowan
  6504 | D:6      | Found a burning altar of Makhleb.
  6964 | D:6      | Reached skill level 8 in Maces & Flails
  6964 | D:6      | Reached skill level 5 in Dodging
  7179 | D:6      | Reached **** piety under Trog
  7599 | D:7      | Noticed Joseph
  8181 | D:7      | Reached XP level 10. HP: 49/79 MP: 10/10
  8351 | D:6      | Slain by Joseph

Illustrated notes

Levels and vault maps discovered:
D:1:      minmay_arrival_plants_in_alcoves, layout_basic
D:2:      layout_basic
D:3:      layout_loops_corners, trog_butcher_becter, st_stairs_5,
          minmay_crystal_water
D:4:      layout_loops_ring, minivault_5, uniq_grinder, uniq_edmund,
          uniq_eustachio
D:5:      layout_gridville, minmay_temple_entry_offerings,
          ebering_ghost_rock_garden, serial_shops, nicolae_shop_window_shopping,
          nicolae_shop_crystal, nicolae_shop_behind_doors, nicolae_shop_crystal,
          shop
D:6:      layout_basic, bloody_makhleb, serial_shops,
          nicolae_shop_bloodbath_and_beyond, uniq_duvessa
D:7:      layout_cave_pools, uniq_crazy_yiuf_cottage, uniq_joseph
Temple:   hellmonk_temple_divided_pantheon

Skill      XL: |  1  2  3  4  5  6  7  8  9 |
---------------+----------------------------+-----
Dodging        | 2 3 4 5 |  5.5
Maces & Flails | 4 5 6 7 8 |  8.9
Armour         | 3 4 5 6 |  6.8
Fighting       | 4 5 6 7 |  7.2

Action                   |  1- 3 |  4- 6 |  7- 9 | 10-12 || total
-------------------------+-------+-------+-------+-------++-------
Melee: Mace              |    73 |       |       |       ||    73
       Punch             |     1 |     1 |     1 |       ||     3
       Dagger            |    11 |    86 |    24 |       ||   121
       Flail             |       |       |   268 |    19 ||   287
 Abil: Dig               |       |       |     2 |       ||     2
  Use: Scroll            |       |     7 |     1 |       ||     8
Armor: Scale mail        |    29 |     4 |       |       ||    33
       Chain mail        |       |    35 |    56 |     8 ||    99
       Leather armour    |       |       |    51 |       ||    51
Dodge: Dodged            |    49 |    43 |   156 |     7 ||   255
Block: Buckler           |       |       |    31 |     3 ||    34

Table legend: (Time is in decaauts)
 A = Elapsed time spent in this place.
 B = Non-inter-level travel time spent in this place.
 C = Inter-level travel time spent in this place.
 D = Time resting spent in this place.
 E = Time spent auto-exploring this place.
 F = Levels seen in this place.
 G = Mean time per level.
                   A        B        C        D        E       F      G
               +--------+--------+--------+--------+--------+-----+--------+
         Total |   8385 |   8123 |    262 |   1072 |   5006 |   8 | 1048.1 |
       Dungeon |   8370 |   8108 |    262 |   1072 |   5006 |   7 | 1195.7 |
        Temple |     14 |     14 |      0 |      0 |      0 |   1 |   14.0 |
               +--------+--------+--------+--------+--------+-----+--------+

Top non-repeatable levels by time:
     D:4: 2049 daAuts
     D:6: 1529 daAuts
     D:2: 1375 daAuts
     D:3: 1260 daAuts
     D:5: 972 daAuts
     D:1: 727 daAuts
     D:7: 455 daAuts
  Temple: 14 daAuts
